 Dungeon Crawl Stone Soup version 0.18-b1-10-g3f7de93 (console) character file.

216114 Kloppie the Bludgeoner (level 18, -7/172 HPs)
             Began as a Minotaur Berserker on Apr 28, 2016.
             Was the Champion of Trog.
             Mangled by a spark wasp (20 damage)
             ... on level 2 of the Spider Nest on Apr 29, 2016.
             The game lasted 01:58:59 (42916 turns).

Kloppie the Bludgeoner (Minotaur Berserker)        Turns: 42916, Time: 01:59:00

Health: -7/172     AC: 29    Str: 24    XL:     18   Next: 35%
Magic:  24/24      EV: 15    Int:  8    God:    Trog [******]
Gold:   2875       SH:  0    Dex: 18    Spells: 0 memorised, 17 levels left

rFire  + . .     SeeInvis +     a - +4 great mace (protect)
rCold  . . .     Gourm    .     o - +0 plate armour {rPois}
rNeg   . . .     Faith    .     (shield currently unavailable)
rPois  +         Spirit   .     U - +1 hat
rElec  .         Dismiss  .     e - +2 cloak {rPois}
rCorr  .         Reflect  .     G - +1 pair of gloves
SustAt .         Harm     +     E - +0 pair of boots of Ucem {+Inv Int+4}
MR     +....                    N - amulet of harm
Stlth  ..........               W - ring of see invisible
                                n - ring of protection from fire

@: somewhat resistant to hostile enchantments, extremely unstealthy
A: retaliatory headbutt, horns 2, thin metallic scales 1, deformed body, strong
1
a: Berserk, Trog's Hand, Brothers in Arms, Burn Spellbooks, Renounce Religion,
Evoke Invisibility
}: 1/15 runes: decaying


You were on level 2 of the Spider Nest.
You worshipped Trog.
Trog was exalted by your worship.
You were not hungry.

You visited 5 branches of the dungeon, and saw 31 of its levels.
You also visited: Ossuary and Ice Cave.

You collected 3758 gold pieces.
You spent 883 gold pieces at shops.

Inventory:

Hand Weapons
 a - a +4 great mace of protection (weapon)
 y - a +0 eveningstar of crushing
 T - a +6 antimagic dire flail
Missiles
 f - 2 javelins
 m - 8 javelins of penetration
 u - 7 poisoned javelins
 R - 10 javelins of returning (quivered)
Armour
 e - a +2 cloak of poison resistance (worn)
 o - a +0 plate armour of poison resistance (worn)
 E - the +0 pair of boots of Ucem (worn) {+Inv Int+4}
   (You bought it in a shop on level 2 of the Orcish Mines)

   It affects your intelligence (+4).
   It lets you turn invisible.
 G - a +1 pair of gloves (worn)
 U - a +1 hat (worn)
Jewellery
 n - a ring of protection from fire (left hand)
 v - an uncursed ring of sustain attributes
 N - an amulet of harm (around neck)
 S - an uncursed ring of flight
 W - a ring of see invisible (right hand)
Wands
 i - a wand of disintegration (12/24)
 F - a wand of teleportation (7/9)
 I - a wand of hasting (4/9)
Scrolls
 g - 10 scrolls of remove curse
 h - 10 scrolls of teleportation
 q - 2 scrolls of silence
 r - 5 scrolls of magic mapping
 s - 3 scrolls of fog
 w - 7 scrolls of identify
 A - 3 scrolls of fear
 K - 2 scrolls of recharging
 Q - 4 scrolls of blinking
Potions
 b - 10 potions of might
 d - 7 potions of cure mutation
 j - a potion of heal wounds
 k - 14 potions of curing
 l - 3 potions of resistance
 z - 3 potions of haste
 B - 5 potions of agility
 J - 6 potions of lignification
 L - 2 potions of cancellation
 M - 5 potions of invisibility
 Y - a potion of ambrosia
Miscellaneous
 D - a phial of floods
 V - a lamp of fire
 Z - a legendary deck of summoning {Foxfire}
Comestibles
 c - 7 bread rations
 p - 16 meat rations
 H - 19 beef jerkies


   Skills:
 - Level 18.2 Fighting
 + Level 19.0 Maces & Flails
 + Level 12.4 Throwing
 - Level 18.2 Armour
 - Level 11.9 Dodging
 - Level 10.0 Evocations


You had 17 spell levels left.
You didn't know any spells.

Dungeon Overview and Level Annotations

Branches:
Dungeon (15/15) Temple (0/1) D:5 Lair (8/8) D:10 Swamp (4/4) Lair:4 Spider (2/4) Lair:6 Slime (0/6) Lair:8 Orc (2/2) D:11 Elf (0/3) Orc:2 Vaults (0/5) D:13 D:14 Depths (0/5) D:15

Altars:
Ashenzari
Fedhas
Kikubaaqudgha
Nemelex Xobeh
Qazlal
Trog
Xom
Zin
The Shining One
Beogh
Jiyva

Shops:
D:8 *   Orc:1 !   Orc:2 ([%(

Annotations:
Swamp:3 exclusion: Roxanne, Roxanne


Innate Abilities, Weirdness & Mutations

You reflexively headbutt those who attack you in melee.
You have a pair of horns on your head.
You are partially covered in thin metallic scales (AC +2).
Armour fits poorly on your strangely shaped body.
Your muscles are strong. (Str +2)


Message History

* * * LOW HITPOINT WARNING * * *
The spark wasp stings you but does no damage.
You bludgeon the spark wasp!!
The spark wasp is moderately wounded.
The spark wasp stings you but does no damage.
You closely miss the spark wasp.
The spark wasp is moderately wounded.
The spark wasp stings you but does no damage.
You sock the spark wasp!
The spark wasp is severely wounded.
The spark wasp stings you!
* * * LOW HITPOINT WARNING * * *
The spark wasp shocks you!
* * * LOW HITPOINT WARNING * * *
You hit the spark wasp.
The spark wasp is severely wounded.
The spark wasp stings you.
* * * LOW HITPOINT WARNING * * *
The spark wasp shocks you!
You die...

#...............# #.
#..^..........^.#...
#......^............
#...................
#...................
#..?.....###...###.
#.........^.#.#.....
#.......###.### ###.
#.......^.@## #.........y##
#.......###.### ###..
............#.#....?.
......?...###...###..
.................†.(.......
...........................
...........................
...........................


You could see a spark wasp.

Vanquished Creatures
  Nikola (Spider:1)
  A tentacled monstrosity (Swamp:4)
  An acid blob (Lair:8)
  Agnes (D:14)
  A thorn hunter (Swamp:4)
  Kirke (D:15)
  2 frost giants
  Maud (D:14)
  2 orc warlords
  An emperor scorpion (Spider:1)
  2 green deaths (Swamp:4)
  Snorg (D:10)
  A yaktaur captain (D:15)
  14 hydras
  2 entropy weavers
  2 ghost crabs
  3 centaur warriors
  3 catoblepae
  2 ogre magi
  5 death yaks
  A queen ant (Spider:1)
  2 tengu warriors (D:14)
  12 alligators
  A thrashing horror (Swamp:4)
  7 orc high priests
  Sonja (D:13)
  2 unseen horrors
  2 spriggan druids
  7 shambling mangroves
  7 hill giants
  A lindwurm (shapeshifter) (D:13)
  7 swamp dragons
  A lindwurm (Lair:8)
  A wizard (D:15)
  Pikel (D:7)
  5 orc knights
  14 wolf spiders
  12 orb spiders
  6 orc sorcerers
  A deep elf mage (D:12)
  4 hornets
  7 cyclopes
  4 griffons
  2 moths of wrath
  9 ugly things
  Joseph (D:7)
  4 manticores
  4 centaur zombies
  13 elephants
  An ice statue (IceCv)
  8 black mambas
  22 spiny frogs
  Psyche (D:12)
  A torpor snail (Lair:6)
  A kobold demonologist (D:14)
  2 gargoyles
  An orange demon (Swamp:4)
  An efreet (D:15)
  18 komodo dragons
  5 rime drakes
  12 demonic crawlers
  A yaktaur (D:15)
  19 jumping spiders
  A tengu conjurer (D:13)
  22 polar bears
  10 giant leeches
  9 trolls
  A wind drake (shapeshifter) (D:14)
  14 bog bodies
  Prince Ribbit (D:9)
  2 boulder beetles
  18 slime creatures
  15 blink frogs
  3 raiju (Lair:8)
  44 redbacks
  3 wraiths
  A centaur simulacrum (D:15)
  5 spriggans
  6 wyverns
  8 shadows
  A basilisk (Lair:8)
  73 yaks
  16 humans (D:13)
  4 hogs (D:15)
  Grum (D:10)
  21 tarantellas
  18 hippogriffs
  A hungry ghost (D:12)
  41 vampire mosquitoes
  10 wargs
  2 mottled dragons
  29 insubstantial wisps
  21 soldier ants (Spider:1)
  20 swamp worms
  16 porcupines
  12 water moccasins
  7 hell hounds (Lair:8)
  14 ice beasts
  8 swamp drakes
  3 large abominations (Swamp:4)
  5 sky beasts
  31 orc warriors
  4 phantoms
  15 black bears
  19 wasps
  7 ogres
  4 centaurs
  A necrophage (D:13)
  40 wolves
  19 crocodiles
  An elf zombie (Ossuary)
  3 big kobolds (D:14)
  A gnoll sergeant (D:13)
  22 giant frogs
  2 water moccasin skeletons
  8 scorpions
  18 killer bees
  6 wights (D:8)
  An electric eel (Lair:8)
  2 howler monkeys
  8 crimson imps
  A giant frog zombie (D:12)
  A lava snake (D:10)
  A human zombie (Ossuary)
  18 orc priests
  A gnoll shaman (D:5)
  19 hounds
  5 jellies
  21 orc wizards
  4 centaur skeletons
  2 giant frog skeletons
  6 iguanas
  7 hell rats (Lair:4)
  Ijyb (D:3)
  31 worker ants
  15 sheep
  A big kobold zombie (Ossuary)
  3 hound zombies
  2 mummies (Ossuary)
  A worker ant zombie (D:11)
  9 adders
  11 gnolls
  82 river rats
  3 shadow imps
  An ooze (D:6)
  3 adder zombies
  6 worms
  A dart slug (D:1)
  6 giant geckos
  64 orcs
  A ball python (D:2)
  6 giant cockroaches
  10 goblins
  4 hobgoblins
  12 jackals
  9 kobolds
  9 quokkas
  9 bats
  8 giant newts
  A goblin zombie (Ossuary)
  8 hobgoblin zombies (Ossuary)
  A jackal skeleton (D:5)
  2 jackal zombies (Ossuary)
  8 kobold zombies (Ossuary)
  10 orc zombies (Ossuary)
  21 rats
  A briar patch (Swamp:4)
  A plant (Lair:8)
1424 creatures vanquished.

Vanquished Creatures (collateral kills)
  Norris (D:14)
  Nessos (Orc:2)
  6 death yaks (Lair:1)
  An orc high priest (Orc:2)
  2 orc knights (Orc:2)
  8 orc warriors
  An ogre (Orc:1)
  5 orc priests
  5 orc wizards (Orc:2)
  7 orcs
37 creatures vanquished.

Vanquished Creatures (others)
  A black mamba (Lair:8)
  A redback (Spider:2)
  A human (D:15)
  A vampire mosquito (Swamp:1)
  2 river rats (Lair:8)
  A bush (Lair:1)
  9 fungi
  12 plants
28 creatures vanquished.

Grand Total: 1489 creatures vanquished

Notes
Turn   | Place    | Note
--------------------------------------------------------------
     0 | D:1      | Kloppie the Minotaur Berserker began the quest for the Orb.
     0 | D:1      | Reached XP level 1. HP: 19/19 MP: 0/0
    43 | D:1      | Reached XP level 2. HP: 25/27 MP: 1/1
   390 | D:1      | Reached ** piety under Trog
   708 | D:2      | Reached skill level 4 in Maces & Flails
   711 | D:2      | Reached XP level 3. HP: 20/33 MP: 2/2
  1365 | D:2      | Reached XP level 4. HP: 30/40 MP: 3/3
  1660 | D:3      | Found a shattered altar of Ashenzari.
  1848 | D:3      | Noticed Ijyb
  1857 | D:3      | Killed Ijyb
  1915 | D:3      | Reached *** piety under Trog
  1975 | D:3      | Reached XP level 5. HP: 27/47 MP: 4/4
  2484 | D:4      | Reached skill level 5 in Maces & Flails
  2522 | D:4      | Noticed an ogre
  2528 | D:4      | Killed an ogre
  2528 | D:4      | Reached skill level 5 in Fighting
  2528 | D:4      | Reached XP level 6. HP: 43/56 MP: 5/5
  3383 | D:4      | Gained mutation: You are partially covered in thin metallic scales (AC +2). [potion of beneficial mutation]
  3386 | D:5      | Entered Level 5 of the Dungeon
  3646 | D:5      | Reached skill level 5 in Armour
  3658 | D:5      | Found a glowing silver altar of Zin.
  3947 | D:5      | Reached XP level 7. HP: 61/61 MP: 6/6
  3976 | D:5      | Found a shimmering altar of Xom.
  3976 | D:5      | Found a bloodstained altar of Trog.
  4157 | D:5      | Found a staircase to the Ecumenical Temple.
  4252 | D:5      | Found a glowing golden altar of the Shining One.
  4502 | D:6      | Reached skill level 6 in Maces & Flails
  4502 | D:6      | Reached skill level 5 in Dodging
  4748 | D:6      | Reached **** piety under Trog
  4776 | D:6      | Reached XP level 8. HP: 55/71 MP: 7/7
  5165 | D:6      | Reached skill level 7 in Maces & Flails
  5701 | D:7      | Reached XP level 9. HP: 81/81 MP: 8/8
  5704 | D:7      | Gained mutation: Your muscles are strong. (Str +2) [potion of beneficial mutation]
  5777 | D:7      | Noticed Joseph
  5787 | D:7      | Killed Joseph
  5787 | D:7      | Reached skill level 8 in Maces & Flails
  5805 | D:7      | Found a sand-covered staircase.
  5811 | Ossuary  | Entered an ossuary
  6713 | D:7      | Found a sparkling altar of Nemelex Xobeh.
  6907 | D:7      | Noticed Pikel
  6924 | D:7      | Killed Pikel
  7010 | D:7      | Reached skill level 9 in Maces & Flails
  7435 | D:8      | Reached XP level 10. HP: 65/91 MP: 9/9
  7520 | D:8      | Found Sauryifiak's Assorted Antiques.
  7523 | D:8      | Bought a scroll of identify for 50 gold pieces
  7523 | D:8      | Bought a black potion for 22 gold pieces
  7523 | D:8      | Bought a viscous grey potion for 22 gold pieces
  7984 | D:9      | Received a gift from Trog
  8039 | D:9      | Found an ancient bone altar of Kikubaaqudgha.
  8040 | D:9      | Found a blossoming altar of Fedhas.
  8053 | D:9      | Noticed a cyclops
  8078 | D:9      | Killed a cyclops
  8078 | D:9      | Reached skill level 1 in Throwing
  8321 | D:9      | Reached skill level 10 in Armour
  8491 | D:9      | Reached skill level 10 in Fighting
  8491 | D:9      | Reached skill level 10 in Maces & Flails
  8702 | D:9      | Reached ***** piety under Trog
  8855 | D:9      | Noticed Prince Ribbit
  8870 | D:9      | Killed Prince Ribbit
  9125 | D:10     | Entered Level 10 of the Dungeon
  9243 | D:10     | Noticed Snorg
  9267 | D:10     | Killed Snorg
  9267 | D:10     | Reached XP level 11. HP: 48/101 MP: 10/10
  9700 | D:10     | Found an ancient bone altar of Kikubaaqudgha.
  9756 | D:10     | Noticed Grum
  9767 | D:10     | Killed Grum
 10061 | D:10     | Found a staircase to the Lair.
 10082 | D:10     | Noticed a purple ugly thing
 10091 | D:10     | Killed a purple ugly thing
 10168 | D:10     | Reached skill level 11 in Maces & Flails
 10244 | Lair:1   | Entered Level 1 of the Lair of Beasts
 10312 | Lair:1   | Reached skill level 5 in Throwing
 10987 | Lair:1   | Noticed a death yak
 10990 | Lair:1   | Noticed a death yak
 11006 | Lair:1   | Noticed a death yak
 11009 | Lair:1   | Noticed a death yak
 11010 | Lair:1   | Noticed a death yak
 11012 | Lair:1   | Noticed a death yak
 11016 | Lair:1   | Killed a death yak
 11019 | Lair:1   | Killed a death yak
 11022 | Lair:1   | Killed a death yak
 11026 | Lair:1   | Killed a death yak
 11030 | Lair:1   | Killed a death yak
 11033 | Lair:1   | Killed a death yak
 11122 | Lair:1   | Reached skill level 12 in Maces & Flails
 11122 | Lair:1   | Reached XP level 12. HP: 53/112 MP: 11/11
 11344 | Lair:1   | Received a gift from Trog
 12256 | Lair:2   | Received a gift from Trog
 13119 | Lair:2   | Received a gift from Trog
 13766 | Lair:3   | Received a gift from Trog
 13942 | Lair:3   | Received a gift from Trog
 14058 | Lair:3   | Reached skill level 13 in Maces & Flails
 14951 | Lair:4   | Found a staircase to the Swamp.
 15109 | Lair:4   | Got a shimmering mace
 15143 | Lair:4   | Noticed an eight-headed hydra
 15155 | Lair:4   | Killed an eight-headed hydra
 15173 | Lair:4   | Received a gift from Trog
 15510 | Lair:5   | Reached XP level 13. HP: 122/122 MP: 4/12
 15786 | Lair:5   | Identified the +5 mace "Ruekitoeph" {flame, -Tele Int+7 SInv} (You found it on level 4 of the Lair of Beasts)
 16110 | Lair:6   | Found a hole to the Spider Nest.
 16671 | Lair:6   | Received a gift from Trog
 16978 | Lair:7   | Reached skill level 14 in Maces & Flails
 17895 | D:11     | Found a stormy altar of Qazlal.
 17961 | D:11     | Reached skill level 10 in Throwing
 18119 | D:11     | Found a staircase to the Orcish Mines.
 18315 | Orc:1    | Entered Level 1 of the Orcish Mines
 18402 | Orc:2    | Entered Level 2 of the Orcish Mines
 18431 | Orc:2    | Received a gift from Trog
 18727 | Orc:2    | Noticed Nessos
 18738 | Orc:2    | Killed Nessos
 18933 | Orc:2    | Found a staircase to the Elven Halls.
 19005 | Orc:2    | Reached XP level 14. HP: 119/132 MP: 7/13
 19202 | Orc:2    | Found a roughly hewn altar of Beogh.
 19431 | Orc:2    | Found Picw's Weapon Boutique.
 19431 | Orc:2    | Found Xylatax's Weapon Shoppe.
 19433 | Orc:2    | Found Biunav's Food Boutique.
 19433 | Orc:2    | Found Mueqarec's Antique Armour Shoppe.
 19678 | Orc:2    | Bought a pair of slimy boots for 256 gold pieces
 19678 | Orc:2    | Bought a scorched scale mail for 243 gold pieces
 19688 | Orc:2    | Identified the cursed +0 pair of boots of Ucem {+Inv Int+4} (You bought it in a shop on level 2 of the Orcish Mines)
 19699 | Orc:2    | Identified the +5 scale mail of Pukimm {MP+9 Int+4} (You bought it in a shop on level 2 of the Orcish Mines)
 19712 | Orc:2    | Bought a +0 eveningstar for 210 gold pieces
 19935 | Orc:1    | Noticed an orc warlord
 19957 | Orc:1    | Reached skill level 1 in Evocations
 19958 | Orc:1    | Noticed an orc warlord
 19958 | Orc:1    | Killed an orc warlord
 19958 | Orc:1    | Reached skill level 15 in Armour
 20224 | Orc:1    | Received a gift from Trog
 20224 | Orc:1    | Reached skill level 15 in Maces & Flails
 20527 | Orc:2    | Killed an orc warlord
 21246 | Orc:1    | Found Jidurch's Distillery.
 21253 | Orc:1    | Bought a potion of berserk rage for 80 gold pieces
 21868 | Orc:1    | Got a transparent bronze ring
 21870 | Orc:1    | Got a heavily runed bronze ring
 21877 | Orc:1    | Identified the ring of Jaotoll {*Contam +Fly rN+ MP+9 Int+7} (You found it on level 1 of the Orcish Mines)
 21879 | Orc:1    | Identified the ring of Doqeiles {Str+5 Int+6 Stlth+} (You found it on level 1 of the Orcish Mines)
 22561 | D:12     | Noticed Psyche
 22566 | D:12     | Killed Psyche
 22860 | D:13     | Reached skill level 15 in Fighting
 23013 | D:13     | Received a gift from Trog
 23096 | D:13     | Noticed Sonja
 23107 | D:13     | Killed Sonja
 23911 | D:14     | Found a gate to the Vaults.
 23911 | D:14     | Noticed Norris
 23922 | D:13     | Received a gift from Trog
 24246 | D:13     | Reached XP level 15. HP: 113/141 MP: 8/17
 24391 | D:14     | Killed Norris
 24513 | D:14     | Noticed Maud
 24532 | D:14     | Killed Maud
 24535 | D:14     | Reached skill level 16 in Maces & Flails
 24541 | D:14     | Reached skill level 5 in Evocations
 24751 | D:14     | Gained mutation: Armour fits poorly on your strangely shaped body. [mutagenic glow]
 24758 | D:14     | Noticed Agnes
 24775 | D:14     | Killed Agnes
 25053 | D:14     | Found a runed door.
 25736 | D:14     | Noticed a frost giant
 25746 | D:14     | Killed a frost giant
 25843 | D:15     | Entered Level 15 of the Dungeon
 26006 | D:15     | Noticed Kirke
 26094 | D:15     | Killed Kirke
 26167 | D:15     | Found a frozen archway.
 26188 | D:15     | Received a gift from Trog
 26207 | IceCv    | Entered an ice cave
 27141 | IceCv    | Noticed a frost giant
 27149 | IceCv    | Killed a frost giant
 27194 | IceCv    | Got a faintly glowing brass ring
 27195 | IceCv    | Identified the ring "Daihew" {Ice *Drain rN+ Int+2 Dex+4} (You found it in an ice cave)
 27536 | D:15     | Found a staircase to the Depths.
 28317 | Lair:8   | Entered Level 8 of the Lair of Beasts
 28346 | Lair:8   | Received a gift from Trog
 28549 | Lair:8   | Noticed an acid blob
 28561 | Lair:8   | Killed an acid blob
 28561 | Lair:8   | Reached XP level 16. HP: 90/154 MP: 6/20
 28606 | Lair:8   | Found a staircase to the Slime Pits.
 28722 | Lair:8   | Found a viscous altar of Jiyva.
 29102 | Lair:8   | Reached skill level 10 in Dodging
 29163 | Lair:8   | Received a gift from Trog
 29249 | Lair:8   | Received a gift from Trog
 29904 | Lair:8   | HP: 3/155 [catoblepas (6)]
 30519 | Lair:1   | Upgraded the game from 0.18-b1-2-gd0c887e to 0.18-b1-10-g3f7de93
 30656 | Swamp:1  | Entered Level 1 of the Swamp
 30763 | Swamp:1  | Received a gift from Trog
 30768 | Swamp:1  | Reached ****** piety under Trog
 31999 | Swamp:1  | Received a gift from Trog
 32381 | Swamp:1  | You fall through a shaft!
 33084 | Swamp:2  | Received a gift from Trog
 33084 | Swamp:2  | Reached skill level 10 in Evocations
 33478 | Swamp:2  | Reached XP level 17. HP: 152/163 MP: 7/23
 34234 | Swamp:3  | Noticed Roxanne
 35169 | Swamp:4  | Entered Level 4 of the Swamp
 35466 | Swamp:4  | Received a gift from Trog
 36202 | Swamp:4  | Reached skill level 17 in Maces & Flails
 36209 | Swamp:4  | HP: 3/165 [bog body (17)]
 36239 | Swamp:4  | HP: 8/165 [slime creature (10)]
 36699 | Swamp:4  | Received a gift from Trog
 37425 | Swamp:4  | Noticed a tentacled monstrosity
 37435 | Swamp:4  | Killed a tentacled monstrosity
 37893 | Swamp:4  | Got a decaying rune of Zot
 38017 | Swamp:4  | Received a gift from Trog
 38723 | Spider:1 | Entered Level 1 of the Spider Nest
 39367 | Spider:1 | Reached skill level 18 in Maces & Flails
 39634 | Spider:1 | Received a gift from Trog
 39747 | Spider:1 | Received a gift from Trog
 39856 | Spider:1 | Reached XP level 18. HP: 111/172 MP: 24/24
 39922 | Spider:1 | Noticed Nikola
 39926 | Spider:1 | Received a gift from Trog
 39951 | Spider:1 | Killed Nikola
 40130 | Spider:1 | Received a gift from Trog
 42653 | Spider:2 | Reached skill level 19 in Maces & Flails
 42916 | Spider:2 | Mangled by a spark wasp

Skill      XL: |  1  2  3  4  5  6  7  8  9 10 11 12 13 14 15 16 17 18 |
---------------+-------------------------------------------------------+-----
Armour         | 3 4 5 6 7 9 10 12 13 14 15 16 18 | 18.2
Maces & Flails | 4 5 6 7 9 10 12 13 14 15 16 18 19 | 19.0
Fighting       | 4 5 6 7 9 10 11 13 14 15 16 18 | 18.2
Dodging        | 3 4 5 6 8 9 11 | 11.9
Throwing       | 4 6 8 10 11 12 | 12.4
Evocations     | 4 7 10 | 10.0

Action                   |  1- 3 |  4- 6 |  7- 9 | 10-12 | 13-15 | 16-18 || total
-------------------------+-------+-------+-------+-------+-------+-------++-------
Melee: Mace              |    96 |    55 |       |       |       |       ||   151
       Headbutt          |    11 |    29 |    73 |   179 |   325 |   405 ||  1022
       Flail             |       |    80 |   307 |   585 |       |       ||   972
       Dire flail        |       |       |       |   128 |  1295 |   674 ||  2097
       Great mace        |       |       |       |       |       |   832 ||   832
Throw: Javelin           |       |       |       |     2 |    10 |    58 ||    70
Invok: Berserk           |       |     3 |     2 |     6 |     8 |     4 ||    23
       Trog's Hand       |       |       |     3 |     4 |     9 |     8 ||    24
       Brothers in Arms  |       |       |       |     1 |     8 |       ||     9
  Use: Scroll            |       |    12 |    10 |    14 |     8 |     5 ||    49
       Potion            |       |     1 |     2 |       |     4 |     4 ||    11
 Stab: Sleeping          |     1 |       |       |       |       |       ||     1
       Invisible         |       |       |     2 |       |       |       ||     2
       Distracted        |       |       |       |       |     2 |     1 ||     3
       Petrifying        |       |       |       |       |       |     2 ||     2
       Confused          |       |       |       |       |       |     1 ||     1
       Held in net/web   |       |       |       |       |       |     1 ||     1
  Eat: Chunk             |     1 |    12 |    11 |    16 |    27 |    22 ||    89
       Beef jerky        |       |       |     1 |     1 |     1 |     1 ||     4
       Pizza             |       |       |     1 |       |       |       ||     1
       Meat ration       |       |       |       |     2 |     2 |     1 ||     5
       Bread ration      |       |       |       |     1 |     3 |     6 ||    10
       Fruit             |       |       |       |       |     3 |       ||     3
Armor: Animal skin       |     5 |       |       |       |       |       ||     5
       Scale mail        |    40 |    53 |   140 |   166 |   552 |   190 ||  1141
       Plate armour      |       |       |       |    99 |       |   866 ||   965
Dodge: Dodged            |    53 |    62 |   232 |   455 |   920 |  1264 ||  2986
